 Dungeon Crawl Stone Soup version 0.22-a0-252-gcace5d2 (webtiles) character file.

422 KristoblXynda the Insei (level 6, 0/51 HPs)
             Began as a Draconian Monk on Mar 2, 2018.
             Was a Believer of Qazlal.
             Slain by an ice beast (14 damage)
             ... on level 5 of the Dungeon.
             The game lasted 00:06:53 (3790 turns).

KristoblXynda the Insei (Draconian Monk)            Turns: 3790, Time: 00:06:54

Health: 0/51       AC:  7    Str: 15    XL:     6   Next: 63%
Magic:  15/15      EV: 14    Int: 13    God:    Qazlal [**....]
Gold:   342        SH:  3    Dex: 13    Spells: 5/5 levels left

rFire    . . .     SeeInvis .   l - +1 whip (freeze)
rCold    . . .     Gourm    .   (no shield)
rNeg     . . .     Faith    .   (armour unavailable)
rPois    .         Spirit   .   (helmet restricted)
rElec    .         Reflect  .   c - +0 cloak
rCorr    .         Harm     .   (no gloves)
MR       .....                  (no boots)
Stlth    +.........             (no amulet)
HPRegen  0.17/turn              d - +2 ring of strength
MPRegen  0.14/turn              f - ring of magical power

@: no status effects
A: unfitting armour, cold-blooded, AC +6
a: Upheaval, Renounce Religion


You were on level 5 of the Dungeon.
You worshipped Qazlal.
Qazlal was pleased with you.
You were not hungry.

You visited 1 branch of the dungeon, and saw 5 of its levels.

You collected 342 gold pieces.

Inventory:

Hand Weapons
 l - a +1 whip of freezing (weapon)
Missiles
 r - a throwing net (quivered)
Armour
 c - a +0 cloak (worn)
Jewellery
 d - a +2 ring of strength (left hand)
 f - a ring of magical power (right hand)
 i - a cursed amulet of regeneration {unknown}
 o - an uncursed ring of protection from cold {unknown}
Wands
 g - a wand of disintegration (13)
Scrolls
 b - a scroll of enchant weapon {unknown}
 e - 2 scrolls of magic mapping
 h - a scroll of identify {unknown}
 j - a scroll of blinking {unknown}
 k - 2 scrolls of remove curse
 m - a scroll of teleportation
Potions
 n - a potion of might {unknown}
 p - a potion of agility {unknown}
Comestibles
 a - 10 rations
 q - 4 chunks of flesh


   Skills:
 - Level 3.2 Fighting
 + Level 4.7 Dodging
 - Level 1.7 Stealth
 * Level 6.0 Unarmed Combat
 + Level 1.2 Invocations


You had 5 spell levels left.
You didn't know any spells.

Dungeon Overview and Level Annotations

Branches:
Dungeon (5/15)
 Temple: D:4-7

Altars:
Hepliaklqana
Okawaru
Qazlal
Ru
Trog
Uskayaw
Vehumet
Yredelemnul

Annotations:
D:3 Amnesiac's ghost, amateur SpFi


Innate Abilities, Weirdness & Mutations

Your plain brown scales are hard. (AC +6)
You cannot fit into any form of body armour.
You are cold-blooded and may be slowed by cold attacks.


Message History

The ice beast is moderately wounded.
The ice beast completely misses you.
You closely miss the ice beast.
You tail-slap the ice beast, but do no damage.
The ice beast is moderately wounded.
The ice beast barely misses you.
You hit the ice beast.
The ice beast is moderately wounded.
The ice beast barely misses you.
You hit the ice beast.
The ice beast is heavily wounded.
The ice beast hits you. The ice beast freezes you!
* * * LOW HITPOINT WARNING * * *
The ice beast misses you.
You hit the ice beast but do no damage.
The ice beast is heavily wounded.
The ice beast hits you.
* * * LOW HITPOINT WARNING * * *
The ice beast freezes you!
You die...

######...# ##......####
## #.......#..##..#
#...............
#..........#...
######.....##..# .#
##...##....(##..###..#
+...........#.§......#
#...........#.§@.....#
###..###....##.Y§##..#
#..###..[.##...##..##..
+......................
#...................>.
########..##......... .
#..##.......# ..
#...........##...
#................


You could see an ice beast.

Vanquished Creatures
  An ogre (D:4)
  A jelly (D:5)
  2 orc priests (D:4)
  Terence (D:1)
  2 worker ants
  A hound skeleton (D:5)
  Robin (D:2)
  3 gnolls
  An adder (D:2)
  A shadow imp (D:5)
  An ooze (D:1)
  An adder skeleton (D:4)
  2 worms (D:3)
  2 leopard geckos
  6 orcs
  4 giant cockroaches
  8 goblins
  15 hobgoblins
  4 jackals
  3 quokkas
  7 bats
  2 frilled lizards
  A jackal skeleton (D:5)
  6 kobolds
  A leopard gecko zombie (D:5)
  6 rats
83 creatures vanquished.

Notes
Turn   | Place    | Note
-------+----------+-------------------------------------------
     0 | D:1      | KristoblXynda the Draconian Monk began the quest for the Orb.
     0 | D:1      | Reached XP level 1. HP: 19/19 MP: 1/1
    84 | D:1      | Reached XP level 2. HP: 19/26 MP: 2/2
   358 | D:1      | Reached XP level 3. HP: 30/31 MP: 3/3
   438 | D:2      | Noticed Robin
   649 | D:2      | Killed Robin
   651 | D:2      | Reached skill level 4 in Unarmed Combat
   664 | D:2      | Noticed Terence
   710 | D:1      | Killed Terence
   710 | D:1      | Reached XP level 4. HP: 4/38 MP: 4/4
  1036 | D:2      | Found a sacrificial altar of Ru.
  1256 | D:2      | Found a stormy altar of Qazlal.
  1257 | D:2      | Found a radiant altar of Vehumet.
  1318 | D:2      | Became a worshipper of Qazlal Stormbringer
  1318 | D:2      | Reached * piety under Qazlal
  1318 | D:2      | Reached ** piety under Qazlal
  1878 | D:2      | Found a bloodstained altar of Trog.
  1927 | D:3      | Found a hide-covered altar of Uskayaw.
  1941 | D:3      | Found an iron altar of Okawaru.
  2168 | D:3      | Noticed Amnesiac's ghost (amateur SpFi)
  2514 | D:3      | Found a hazy altar of Hepliaklqana.
  2627 | D:4      | Reached XP level 5. HP: 39/45 MP: 5/5
  2652 | D:4      | Reached skill level 5 in Unarmed Combat
  2709 | D:4      | Noticed an ogre
  2720 | D:4      | Killed an ogre
  2720 | D:4      | Reached XP level 6. HP: 51/51 MP: 6/6
  3179 | D:5      | Entered Level 5 of the Dungeon
  3635 | D:5      | Reached skill level 1 in Invocations
  3662 | D:5      | Reached skill level 6 in Unarmed Combat
  3771 | D:5      | Found a basalt altar of Yredelemnul.
  3782 | D:5      | Noticed an ice beast
  3790 | D:5      | Slain by an ice beast

Vault maps used:
D:1:      lightli_arrival_boilingwater, serial_park_tiny_pond
D:2:      lightli_temple_of_fire, hangedman_ru_absence,
          gammafunk_temple_overflow_statue, first_ration, uniq_terence,
          uniq_robin
D:3:      lemuel_doored_altar, okawaru_gym_becter, overflow_temple_1_default,
          hangedman_decor_clover_reticule
D:4:      minmay_surrounded
D:5:      nicolae_overflow_hidden_temple

Skill      XL: |  1  2  3  4  5  6 |
---------------+-------------------+-----
Dodging        | 3 4 |  4.7
Unarmed Combat | 4 5 6 |  6.0
Invocations    | 1 |  1.2
Fighting       | |  3.2
Stealth        | |  1.7

Action                   |  1- 3 |  4- 6 || total
-------------------------+-------+-------++-------
Melee: Unarmed           |   143 |    62 ||   205
       Tailslap          |    14 |    30 ||    44
       Spear             |       |    12 ||    12
       Whip              |       |   137 ||   137
       Punch             |       |     6 ||     6
Throw: Throwing net      |     1 |       ||     1
Invok: Upheaval          |       |     1 ||     1
  Use: Potion            |     1 |     2 ||     3
       Scroll            |       |     3 ||     3
 Stab: Sleeping          |     2 |     1 ||     3
       Held in net/web   |     1 |       ||     1
  Eat: Chunk             |       |     6 ||     6
       Ration            |       |     1 ||     1
Armor: Skin              |    30 |    55 ||    85
Dodge: Dodged            |    71 |   179 ||   250
Block: Other             |       |    19 ||    19

Table legend:
 A = Spawn XP
 B = Non-spawn XP
 C = Spawn XP percentage of total XP
 D = Spawn monster count
 E = Non-spawn monster count
 F = Spawn count percentage of total count
 G = Total turns spent on level
                    A         B        C        D         E        F      G
               +---------+---------+-------+---------+---------+-------+---------
         Total |       0 |     604 |   0.0 |       0 |      83 |   0.0 |  3790
               +---------+---------+-------+---------+---------+-------+---------
           D:1 |       0 |      85 |   0.0 |       0 |      26 |   0.0 |   899
           D:2 |       0 |      63 |   0.0 |       0 |      21 |   0.0 |  1237
           D:3 |       0 |      23 |   0.0 |       0 |       9 |   0.0 |   463
           D:4 |       0 |     286 |   0.0 |       0 |      13 |   0.0 |   987
           D:5 |       0 |     147 |   0.0 |       0 |      14 |   0.0 |   204
               +---------+---------+-------+---------+---------+-------+---------
